 Dungeon Sprint DCSS version 0.14-a0-519-g334afa2 (webtiles) character file.

3500000 MDvedh the Intangible (level 18, -17/115 HPs)
             Began as a Spriggan Abyssal Knight on Nov 2, 2013.
             Was the Champion of Lugonu.
             Killed from afar by a large bag of meat (40 damage)
             ... with an exploding inner flame
             ... in the Dungeon (Sprint VIII: "Arena of Blood").
             The game lasted 00:02:12 (35 turns).

MDvedh the Intangible (Spriggan Abyssal Knight)       Turns: 35, Time: 00:02:12

HP -17/115       AC  4     Str  8      XL: 18   Next: 96%
MP  20/42        EV 43     Int 15      God: Lugonu [******]
Gold 0           SH  0     Dex 22      Spells:  0 memorised, 17 levels left

Res.Fire  : . . .   See Invis. : +   j - +∞ Axe of Woe
Res.Cold  : . . .   Warding    : .   b - +0 robe
Life Prot.: . . .   Conserve   : .   (shield restricted)
Res.Poison: .       Res.Corr.  : .   (helmet restricted)
Res.Elec. : .       Clarity    : .   (no cloak)
Sust.Abil.: . .     Spirit.Shd : .   (gloves unavailable)
Res.Mut.  : .       Prev.Telep.: +   (boots unavailable)
Res.Rott. : .       Flight     : .   (no amulet)
Saprovore : . . .                    (no ring)
                                     (no ring)

@: very quick, extremely resistant to hostile enchantments, fairly stealthy
A: unfitting armour, see invisible, herbivore 3, speed 3, slow metabolism 2
a: Bend Space, Banish, Corrupt, Renounce Religion


You were in the Dungeon.
You worshipped Lugonu.
Lugonu was exalted by your worship.
You were not hungry.

You visited 1 branch

Inventory:

Hand weapons
 a - a +2,+2 short sword
 j - the +∞,+∞ Axe of Woe (weapon)
   (You found it in the Dungeon)
Armour
 b - a +0 robe (worn)
Scrolls
 i - a scroll of blinking
Potions
 c - a potion of porridge
 d - a potion of curing
 e - a potion of heal wounds
 f - a potion of speed
 g - 2 potions of magic
 h - a potion of berserk rage


   Skills:
 + Level 24.6 Fighting
 - Level 2.1 Short Blades
 O Level 27 Axes
 + Level 22.9 Armour
 O Level 27 Dodging
 O Level 27 Invocations


You had 17 spell levels left.
You didn't know any spells.

Dungeon Overview and Level Annotations

Branches:
Dungeon (1/1)

Altars:
Makhleb


Innate Abilities, Weirdness & Mutations

You are tiny and cannot use many weapons and most armour.
You have supernaturally acute eyesight.
You are a herbivore.
You cover ground extremely quickly.
You need consume almost no food.


Message History

You kill the bag of meat!
Lugonu accepts your kill.
Your Fighting skill increases to level 23!
Your Armour skill increases to level 21!
You fatally mangle the bag of meat.
You kill the bag of meat!
Lugonu accepts your kill.
Your Armour skill increases to level 22!
You pulverise the bag of meat into thin bloody mist.
You kill the bag of meat!
Lugonu accepts your kill.
Your Fighting skill increases to level 24!
You hear a shout!
The meat berserker rages.
You hear a shout!
You slaughter the large bag of meat joyfully.
The large bag of meat explodes!
The fiery explosion engulfs the bag of meat.
The fiery explosion engulfs you!
You die...

.... .......%
......... ..O
......... ...o
#.......# .#...
#.......#
......###§§o. ..###.
........)§§###...O..
....#....)o@§_...%...
..#......o#§§%..#...
..........#_.<._#
..#.....))#....%#...
....#...C)..._.......
.............###......
.......###......%###.
....... #.......#
....... #.......#


You could see a meat berserker (berserk) and 3 bags of meat.

Vanquished Creatures
  A hill giant (D)
  5 ogres (D)
  19 orcs (D)
25 creatures vanquished.

Notes
Turn   | Place    | Note
--------------------------------------------------------------
     0 | D        | MDvedh, the Spriggan Abyssal Knight, began the quest for the Orb.
     0 | D        | Reached XP level 1. HP: 11/11 MP: 2/2
     3 | D        | Noticed a bag of meat
     3 | D        | Noticed a bag of meat
     3 | D        | Noticed a bag of meat
     3 | D        | Noticed a bag of meat
     8 | D        | Killed a bag of meat
     8 | D        | Reached skill level 21 in Axes
     8 | D        | Reached XP level 2. HP: 15/15 MP: 4/4
     8 | D        | Reached XP level 3. HP: 18/18 MP: 6/6
     8 | D        | Reached XP level 4. HP: 23/23 MP: 9/9
     8 | D        | Reached XP level 5. HP: 27/27 MP: 11/11
     8 | D        | Reached XP level 6. HP: 31/31 MP: 13/13
     8 | D        | Reached XP level 7. HP: 35/35 MP: 16/16
     8 | D        | Reached XP level 8. HP: 39/39 MP: 18/18
     8 | D        | Reached XP level 9. HP: 43/43 MP: 19/19
     8 | D        | Reached XP level 10. HP: 48/48 MP: 20/20
     8 | D        | Reached XP level 11. HP: 51/51 MP: 22/22
    13 | D        | Noticed a bag of meat
    13 | D        | Noticed a bag of meat
    14 | D        | Noticed a bag of meat
    15 | D        | Noticed a bag of meat
    16 | D        | Noticed a meat berserker
    16 | D        | Noticed a bag of meat
    17 | D        | Noticed a bag of meat
    17 | D        | Killed a bag of meat
    17 | D        | Acquired Lugonu's second power
    17 | D        | Reached XP level 12. HP: 56/56 MP: 23/23
    18 | D        | Noticed a bag of meat
    19 | D        | Noticed a bag of meat
    19 | D        | Noticed a bag of meat
    19 | D        | Noticed a meat berserker
    19 | D        | Noticed a meat berserker
    19 | D        | Killed a bag of meat
    19 | D        | Reached skill level 24 in Dodging
    19 | D        | Reached XP level 13. HP: 59/59 MP: 18/31
    19 | D        | Killed a bag of meat
    19 | D        | Reached skill level 27 in Dodging
    20 | D        | Noticed a bag of meat
    20 | D        | Noticed a meat berserker
    20 | D        | Noticed a bag of meat
    21 | D        | Noticed a meat berserker
    22 | D        | Noticed a bag of meat
    22 | D        | Noticed a large bag of meat
    22 | D        | Killed a bag of meat
    22 | D        | Acquired Lugonu's third power
    22 | D        | Reached XP level 14. HP: 64/64 MP: 18/36
    23 | D        | Noticed a bag of meat
    23 | D        | Noticed a meat berserker
    23 | D        | Killed a meat berserker
    23 | D        | Killed a meat berserker
    23 | D        | Reached XP level 15. HP: 67/67 MP: 18/38
    24 | D        | Noticed a bag of meat
    24 | D        | Noticed a bag of meat
    24 | D        | Killed a large bag of meat
    24 | D        | Acquired Lugonu's fourth power
    25 | D        | Noticed a bag of meat
    25 | D        | Noticed a meat berserker
    25 | D        | Killed a bag of meat
    25 | D        | Reached skill level 27 in Invocations
    25 | D        | Reached skill level 5 in Fighting
    26 | D        | Killed a bag of meat
    26 | D        | Killed a meat berserker
    26 | D        | Reached skill level 10 in Fighting
    26 | D        | Reached XP level 16. HP: 45/84 MP: 19/40
    26 | D        | Killed a bag of meat
    26 | D        | Acquired Lugonu's fifth power
    27 | D        | Noticed a bag of meat
    27 | D        | Noticed a bag of meat
    27 | D        | Killed a bag of meat
    27 | D        | Killed a bag of meat
    28 | D        | Noticed a bag of meat
    28 | D        | Noticed a large bag of meat
    28 | D        | Noticed a large bag of meat
    28 | D        | Killed a bag of meat
    28 | D        | Reached skill level 15 in Fighting
    28 | D        | Reached XP level 17. HP: 21/95 MP: 19/41
    28 | D        | Killed a meat berserker
    28 | D        | Reached skill level 15 in Armour
    28 | D        | Killed a bag of meat
    29 | D        | Noticed a bag of meat
    29 | D        | Killed a meat berserker
    30 | D        | Killed a bag of meat
    30 | D        | Killed a bag of meat
    30 | D        | Reached skill level 27 in Axes
    30 | D        | Reached XP level 18. HP: 23/108 MP: 19/42
    32 | D        | Killed a bag of meat
    33 | D        | Killed a bag of meat
    34 | D        | Noticed a meat berserker
    34 | D        | Killed a bag of meat
    34 | D        | Killed a bag of meat
    34 | D        | Killed a bag of meat
    35 | D        | Killed a large bag of meat
    35 | D        | Killed from afar by a large bag of meat

Action                   |  1- 3 |  4- 6 |  7- 9 | 10-12 | 13-15 | 16-18 || total
-------------------------+-------+-------+-------+-------+-------+-------++-------
Melee: Broad axe         |     1 |       |       |     2 |     5 |     8 ||    16
